 Dungeon Crawl Stone Soup version 0.18-a0-1789-gbeff17f (webtiles) character file.

323 Zhenya25pyc the Cudgeler (level 6, -2/39 HPs)
             Began as a Gargoyle Fighter on Apr 22, 2016.
             Killed by divine providence
             ... invoked by an orc priest
              (14 damage)
             ... on level 4 of the Dungeon.
             The game lasted 00:05:30 (3464 turns).

Zhenya25pyc the Cudgeler (Gargoyle Fighter)         Turns: 3464, Time: 00:05:31

Health: -2/39      AC: 15    Str: 21    XL:     6   Next: 47%
Magic:  6/6        EV:  7    Int:  9    God:
Gold:   144        SH:  9    Dex:  9    Spells: 0 memorised, 5 levels left

rFire  . . .     SeeInvis .     a - +0 flail
rCold  . . .     Gourm    .     b - +0 scale mail
rNeg   + . .     Faith    .     c - +0 shield
rPois  ∞         Spirit   .     y - +0 helmet
rElec  +         Dismiss  .     (no cloak)
rCorr  .         Reflect  .     e - +0 pair of gloves
SustAt .         Harm     .     B - +0 pair of boots
MR     .....                    (no amulet)
Stlth  ..........               w - ring of flight
                                o - ring of poison resistance

@: not resistant to hostile enchantments, extremely unstealthy
A: negative energy resistance 1, electricity resistance, unbreathing,
petrification resistance, rot immunity, AC +4
a: Evoke Flight


You were on level 4 of the Dungeon.
You were hungry.

You visited 1 branch of the dungeon, and saw 4 of its levels.

You collected 144 gold pieces.

Inventory:

Hand Weapons
 a - a +0 flail (weapon)
Armour
 b - a +0 scale mail (worn)
 c - a +0 shield (worn)
 e - a +0 pair of gloves (worn)
 y - a +0 helmet (worn)
 B - a +0 pair of boots (worn)
Jewellery
 o - a ring of poison resistance (left hand)
 w - a ring of flight (right hand)
 D - an uncursed ring of magical power {unknown}
Wands
 v - a wand of flame (14/48)
Scrolls
 i - a scroll of noise {unknown}
 l - a scroll of teleportation {unknown}
 n - 3 scrolls of identify {unknown}
 p - 2 scrolls of amnesia {unknown}
 q - 2 scrolls of enchant weapon {unknown}
 r - 4 scrolls of remove curse {unknown}
 u - a scroll of immolation {unknown}
 x - a scroll of magic mapping {unknown}
 A - 2 scrolls of enchant armour {unknown}
Potions
 d - a potion of might
 g - a potion of lignification {unknown}
 j - 4 potions of heal wounds {unknown}
 m - 3 potions of curing {unknown}
 s - a potion of cure mutation {unknown}
 t - 2 potions of ambrosia {unknown}
 z - 2 potions of berserk rage {unknown}
 E - a potion of brilliance {unknown}
Comestibles
 f - 4 bread rations
 k - a beef jerky
 C - 29 fruits


   Skills:
 + Level 4.5 Fighting
 * Level 4.9 Maces & Flails
 + Level 4.9 Armour
 - Level 3.2 Shields


You had 5 spell levels left.
You didn't know any spells.

Dungeon Overview and Level Annotations

Branches:
Dungeon (4/15)
 Temple: D:4-7

Altars:
Makhleb
Vehumet


Innate Abilities, Weirdness & Mutations

You are resistant to torment.
Your stone body is resilient (AC +4).
You are immune to poison.
You resist negative energy.
You are resistant to electric shocks.
You can survive without breathing.
You are immune to petrification.
You are immune to rotting.


Message History

The orc priest is almost dead.
The orc priest hits you but does no damage.
You sock the orc priest!
You kill the orc priest!
You sock the orc!
You kill the orc!
The orc priest invokes the aid of Beogh against you.
Beogh smites you!
The orc priest invokes the aid of Beogh against you.
Pain shoots through your body!
The orc priest hits you but does no damage.
The orc priest hits you with a flail.
Items here: ))) ? [[ †† You barely miss the orc priest.
You block the orc priest's attack.
The orc priest hits you but does no damage.
You hit the orc priest.
The orc priest is lightly wounded.
The orc priest calls down the wrath of Beogh upon you.
Beogh smites you!
You die...

#.# # #.# #.#
#.# #.#. #.#
## ... ... .
#..#.#.#
.#.#..#.#.###
......oo....#
.#.#..#@#.#..#
#. #.# # # #.#
#.# #.# #.#
#.# #.# #.#
#.## #.# #.#(


You could see 2 orc priests.

Vanquished Creatures
  An ogre (D:4)
  An orc priest (D:4)
  A giant frog skeleton (D:4)
  7 adders
  4 worms
  2 dart slugs
  2 giant geckos
  2 orcs (D:4)
  A ball python (D:3)
  5 giant cockroaches
  13 goblins
  9 hobgoblins
  13 jackals
  12 kobolds
  5 quokkas
  7 bats
  2 giant newts
  A jackal skeleton (D:4)
  6 rats
94 creatures vanquished.

Vanquished Creatures (others)
  4 toadstools (D:1)
4 creatures vanquished.

Grand Total: 98 creatures vanquished

Notes
Turn   | Place    | Note
--------------------------------------------------------------
     0 | D:1      | Zhenya25pyc the Gargoyle Fighter began the quest for the Orb.
     0 | D:1      | Reached XP level 1. HP: 14/14 MP: 1/1
    95 | D:1      | Reached XP level 2. HP: 19/19 MP: 2/2
   702 | D:2      | Reached XP level 3. HP: 23/23 MP: 3/3
  1208 | D:2      | Reached XP level 4. HP: 16/28 MP: 4/4
  1602 | D:2      | Found a radiant altar of Vehumet.
  1765 | D:2      | Reached XP level 5. HP: 31/33 MP: 5/5
  2907 | D:4      | Noticed an ogre
  2917 | D:4      | Killed an ogre
  2917 | D:4      | Reached XP level 6. HP: 15/39 MP: 6/6
  3340 | D:4      | Found a burning altar of Makhleb.
  3340 | D:4      | Noticed an Executioner
  3464 | D:4      | Killed from afar by an orc priest

Vault maps used:
D:1:      ldierk_water_garden
D:2:      kennysheep_six_static_rooms, old_standard_altar
D:3:      serial_glass, glass_columns_b, glass_columns_c, minmay_fountain_box,
          minmay_misc_feat_nine_boxes, dk_vineyard_1, minmay_surrounded
D:4:      first_bread, makhleb_altar_promises_db

Skill      XL: |  1  2  3  4  5 |
---------------+----------------+-----
Maces & Flails | 3 4 |  4.9
Armour         | 4 |  4.9
Fighting       | 4 |  4.5
Shields        | |  3.2

Action                   |  1- 3 |  4- 6 || total
-------------------------+-------+-------++-------
Melee: Flail             |   183 |   305 ||   488
  Eat: Chunk             |     1 |     5 ||     6
       Royal jelly       |       |     1 ||     1
       Fruit             |       |     1 ||     1
Armor: Scale mail        |   149 |   178 ||   327
Dodge: Dodged            |    88 |    90 ||   178
Block: Shield            |   132 |   167 ||   299
